AoeStats
← briandwjohnson

Arabia

503503212Analyzed
1v1 RM · 1mo ago on Sep 1, 2026· 57m 30s· 2 players
Game mode
Random Map
Map size
Tiny (2 player)
Population
200
Speed
Normal
Resources
Standard
Victory
Conquest
Starting age
Dark Age
Ending age
Imperial Age
RankedLock teamsTeams togetherTeam positionsShared explorationLock speedFull tech treeHidden civsTurbo modeCheats
Victory
Defeat
🇺🇸 Vikings · United States
474
+21
🇨🇱 Celts · Chile
585
-44
briandwjohnson
1:41 Loom
13:11 Feudal Age
14:33 Horse Collar
15:01 Man-at-Arms
15:27 Arson
17:43 Double-Bit Axe
19:06 Forging
18:59 Scale Mail Armor
19:44 Scale Barding Armor
19:36 Town Watch
25:37 Castle Age
25:42 Long Swordsman
26:30 Heavy Plow
26:45 Bow Saw
28:16 Squires
28:34 Chain Mail Armor
29:32 Iron Casting
30:58 Stone Mining
31:27 Town Patrol
31:49 Gambesons
43:04 Chieftains
43:34 Murder Holes
48:41 Imperial Age
48:56 Elite Berserk
54:46 Hoardings
dantenavarro.dn
2:44 Loom
11:16 Feudal Age
12:59 Wheelbarrow
15:37 Double-Bit Axe
16:53 Town Watch
18:25 Man-at-Arms
28:30 Castle Age
28:57 Scale Mail Armor
29:38 Long Swordsman
31:14 Forging
31:38 Pikeman
32:05 Gambesons
32:58 Hand Cart
38:01 Iron Casting
37:43 Chain Mail Armor
42:51 Ballistics
45:00 Murder Holes
57:19 Imperial Age
56:37 Town Patrol
Connection lost

Rejoining the realm…

Still unreachable

The connection could not be restored.

Session expired

The server has moved on; the page needs a fresh start.